 Dungeon Crawl Stone Soup version 0.28.0-45-g0d030f2227 (webtiles) character file.

Game seed: 14043347489223131321

37687 safid the Severer (level 13, 0/119 HPs)
             Began as a Hill Orc Fighter on Apr 4, 2022.
             Was a Priest of Beogh.
             Slain by a 12-headed hydra (11 damage)
             ... on level 5 of the Lair of Beasts on Apr 5, 2022.
             The game lasted 00:48:03 (16072 turns).

safid the Severer (Hill Orc Fighter)               Turns: 16072, Time: 00:48:04

Health: 0/119      AC: 24    Str: 24    XL:     13   Next: 98%
Magic:  16/22      EV:  7    Int: 10    God:    Beogh [***...]
Gold:   1000       SH:  4    Dex: 10    Spells: 12/12 levels left

rFire   . . .      SeeInvis +   d - +0 broad axe
rCold   + . .      Faith    .   c - +0 buckler
rNeg    + . .      Spirit   .   j - +0 plate armour
rPois   .          Reflect  .   k - +3 crown of Dyrovepreva {rElec Int+2 SInv}
rElec   +          Harm     .   g - +2 cloak {rCorr}
rCorr   +          Rampage  .   e - +1 pair of gloves
Will    .....                   (no boots)
Stlth   ..........              l - amulet of regeneration
HPRegen 1.09/turn               R - ring of positive energy
MPRegen 0.18/turn               S - ring of protection from cold

@: no status effects
A: no striking features
a: Renounce Religion, Smiting


You were on level 5 of the Lair of Beasts.
You worshipped Beogh.
Beogh was most pleased with you.
You visited 3 branches of the dungeon, and saw 19 of its levels.
You also visited: Bailey.

You collected 1494 gold pieces.
You spent 494 gold pieces at shops.

Inventory:

Hand Weapons
 d - a +0 broad axe (weapon)
 F - the +6 arbalest of Abomination {flame, Will+ Str+5}
   (You found it on level 10 of the Dungeon)

   Any ammunition fired from it burns those it strikes, dealing additional fire
   damage.
   Str:       It affects your strength (+5).
   Will:      It increases your willpower.
Missiles
 q - 3 silver boomerangs
 t - 27 poisoned darts
 B - 6 javelins
 J - 14 curare-tipped darts (quivered)
 N - 3 throwing nets
Armour
 c - a +0 buckler (worn)
 e - a +1 pair of gloves (worn)
 g - a +2 cloak of preservation (worn)
 j - a +0 plate armour (worn)
 k - the +3 crown of Dyrovepreva (worn) {rElec Int+2 SInv}
   (You acquired it on level 5 of the Dungeon)

   Int:       It affects your intelligence (+2).
   rElec:     It insulates you from electricity.
   SInv:      It lets you see invisible.
Jewellery
 l - an amulet of regeneration (around neck)
 s - an amulet of reflection
 R - a ring of positive energy (left hand)
 S - a ring of protection from cold (right hand)
Wands
 m - a wand of polymorph (8)
 z - a wand of iceblast (18)
 A - a wand of mindburst (6)
 E - a wand of paralysis (7)
 G - a wand of flame (29)
 Q - a wand of digging (7)
Scrolls
 f - a scroll of torment {unknown}
 h - a scroll of enchant armour
 i - 6 scrolls of teleportation
 n - 4 scrolls of blinking
 r - 2 scrolls of fog
 u - a scroll of magic mapping {unknown}
 w - a scroll of summoning {unknown}
 x - a scroll of enchant weapon {unknown}
 y - a scroll of fear {unknown}
Potions
 b - 6 potions of heal wounds
 o - 2 potions of mutation
 p - 3 potions of curing
 v - 3 potions of ambrosia
 C - a potion of invisibility
 D - a potion of lignification
 H - 2 potions of resistance
 K - a potion of flight
 O - 2 potions of haste
Miscellaneous
 a - a phial of floods
 I - a tin of tremorstones (2/2)
 L - a phantom mirror
 M - a condenser vane


   Skills:
 + Level 12.4 Fighting
 - Level 18.0 Axes
 - Level 12.0 Armour
 - Level 2.0 Dodging
 - Level 4.0 Shields
 + Level 12.4 Invocations
 - Level 8.0 Evocations


You had 12 spell levels left.
You didn't know any spells.
Your spell library contained the following spells:

 Spells                   Type           Power      Damage    Failure   Level
 Animate Skeleton         Necr           0%         N/A       99%         1
 Foxfire                  Conj/Fire      0%         2x1d4     99%         1
 Magic Dart               Conj           0%         1d3       99%         1
 Pain                     Necr           0%         1d4       99%         1
 Call Imp                 Summ           0%         N/A       100%        2
 Static Discharge         Conj/Air       0%         N/A       100%        2
 Conjure Flame            Conj/Fire      0%         6-21      100%        3
 Gell's Gravitas          Tloc           0%         N/A       100%        3
 Inner Flame              Hex/Fire       0%         N/A       100%        3
 Lesser Beckoning         Tloc           0%         N/A       100%        3
 Mephitic Cloud           Conj/Pois/Air  0%         N/A       100%        3
 Teleport Other           Tloc           0%         N/A       100%        3
 Tukima's Dance           Hex            0%         N/A       100%        3
 Vampiric Draining        Necr           0%         2d6       100%        3
 Anguish                  Hex/Necr       0%         N/A       100%        4
 Animate Dead             Necr           0%         N/A       100%        4
 Cause Fear               Hex            0%         N/A       100%        4
 Flame Wave               Conj/Fire      0%         2d4       100%        4
 Lightning Bolt           Conj/Air       0%         1d11      100%        5
 Enfeeble                 Hex            0%         N/A       100%        7
 Haunt                    Necr/Summ      0%         N/A       100%        7
 Discord                  Hex            0%         N/A       100%        8
 Infestation              Necr           0%         N/A       100%        8
 Maxwell's Capacitive Co  Air            0%         ∞         100%        8


Dungeon Overview and Level Annotations

Branches:
Dungeon (11/15)            Temple (0/1) D:4            Lair (6/6) D:11
 Shoals (0/4) Lair:3       Spider (0/4) Lair:4          Orc (2/2) D:10
    Elf (0/3) Orc:2        Bailey (visited)
  Slime: Lair:5-6

Altars:
Elyvilon
Gozag
Sif Muna
Trog
Xom
Beogh

Shops:
D:6 !   D:11 =   Orc:1 !   Orc:2 =(*[

Annotations:
D:4 3 runed translucent doors, croobank's ghost, amateur HOFi
D:8 3 runed translucent doors, GilGalad's ghost, novice MfGl
Orc:1 2 transporters, hehateme's ghost, journeyman HuGl


Message History

The 12-headed hydra bites you!
The 12-headed hydra bites you but does no damage.
The dream sheep ruffles its wool and motes of dream dust sparkle, to no effect.
Unknown command.
Aiming: Smiting
Press: ? - help, Dir - move target, f - 12-headed hydra Smite: a 12-headed hydra (heavily wounded)
You smite the 12-headed hydra!
The 12-headed hydra is severely wounded.
You block the 12-headed hydra's attack.
The 12-headed hydra bites you but does no damage.
The 12-headed hydra closely misses you. x2
The 12-headed hydra bites you but does no damage.
The 12-headed hydra bites you! x2
* * * LOW HITPOINT WARNING * * *
The 12-headed hydra bites you.
* * * LOW HITPOINT WARNING * * *
The 12-headed hydra bites you but does no damage.
The 12-headed hydra bites you.
* * * LOW HITPOINT WARNING * * *
The 12-headed hydra bites you but does no damage. x2
Unknown command.
Unknown command.
Unknown command.
Unknown command.
Unknown command.
Unknown command.
Aiming: Smiting
Press: ? - help, Dir - move target, f/p - 12-headed hydra Smite: a 12-headed hydra (severely wounded)
You smite the 12-headed hydra!!
The 12-headed hydra is almost dead.
The 12-headed hydra bites you but does no damage.
You block the 12-headed hydra's attack. The 12-headed hydra bites you!
* * * LOW HITPOINT WARNING * * *
The 12-headed hydra bites you.
* * * LOW HITPOINT WARNING * * *
The 12-headed hydra bites you but does no damage. x2
The 12-headed hydra closely misses you. The 12-headed hydra bites you!
You die...

....Y.. ..#......#####
.....P. .#.......# ##P
.#..... ..###.#..###..
..S.... . ###...###.
#...... ### ##......
#..P..P ##.###.#.....
......P## #.#...###...#
....P...########.........##
.....P...#@...##....PPP###
....##...D........P#####
### ##P####.....### ###
#.#.#### #####


You could see a 12-headed hydra.

Vanquished Creatures
  A catoblepas (Lair:2)
  Fannar (Lair:2)
  2 hydras
  A two-headed ogre (Orc:2)
  A centaur warrior (D:11)
  A deep troll shaman (Lair:6)
  2 orc high priests (Orc:2)
  2 oklob plants (Lair:4)
  3 orc knights
  An ugly thing (D:11)
  2 elephants (Lair:4)
  A black mamba (Lair:3)
  A cane toad (Lair:2)
  2 rime drakes
  4 komodo dragons
  5 trolls
  A snapping turtle (Lair:3)
  A water elemental (D:11)
  A wyvern (D:9)
  A wraith (D:10)
  13 yaks
  A steam dragon (D:8)
  4 vampire mosquitoes
  2 wargs
  9 water moccasins
  A sky beast (D:7)
  A black bear (D:5)
  9 orc warriors
  An ice beast (D:4)
  2 centaurs (D:10)
  7 ogres
  17 wolves
  2 phantoms
  5 kobold brigands
  A gnoll sergeant (Orc:1)
  6 bullfrogs
  3 scorpions
  A wyvern skeleton (D:6)
  A water moccasin skeleton (D:5)
  4 killer bees (D:6)
  4 wights (D:9)
  4 electric eels
  6 howler monkeys
  A bullfrog zombie (D:6)
  6 hounds
  A bullfrog skeleton (D:4)
  A jelly (D:8)
  A centaur skeleton (D:5)
  4 orc priests
  A gnoll shaman (D:7)
  4 iguanas
  12 orc wizards
  A killer bee zombie (D:6)
  A hound skeleton (D:3)
  2 howler monkey zombies
  7 adders
  9 gnolls
  A white imp (D:6)
  4 worms
  2 dart slugs (D:3)
  29 orcs
  6 endoplasms
  5 giant cockroaches
  9 goblins
  4 hobgoblins
  9 jackals
  23 kobolds
  4 quokkas
  10 ball pythons
  4 bats
  4 rats
303 creatures vanquished.

Vanquished Creatures (collateral kills)
  An orc warlord (Orc:2)
  3 hydras
  Harold (Lair:2)
  An ogre mage (Orc:2)
  6 two-headed ogres (Orc:2)
  2 orc high priests
  A deep elf pyromancer (D:11)
  3 orc knights (Orc:2)
  A manticore (D:11)
  6 orc sorcerers
  12 elephants
  A black mamba (Lair:2)
  4 cane toads
  2 komodo dragons (Lair:3)
  3 trolls
  2 basilisks
  7 yaks
  Grum (Lair:1)
  3 wargs
  3 water moccasins
  A floating eye (Lair:4)
  17 orc warriors
  5 ogres
  6 wolves
  A kobold brigand (D:11)
  5 bullfrogs
  3 scorpions (Lair:4)
  A hound (D:11)
  9 orc priests
  3 orc wizards
  A gnoll (Orc:1)
  A worm (Lair:4)
  13 orcs
  A kobold (D:11)
  A bush (Lair:3)
131 creatures vanquished.

Vanquished Creatures (others)
  An orc knight (Orc:2)
  9 orc warriors
  A scorpion (D:5)
  10 orc priests
  9 orc wizards
  A white imp (D:6)
  37 orcs
  19 fungi
  29 plants
116 creatures vanquished.

Grand Total: 550 creatures vanquished

Notes
Turn   | Place    | Note
-------+----------+-------------------------------------------
     0 | D:1      | safid the Hill Orc Fighter began the quest for the Orb.
     0 | D:1      | Reached XP level 1. HP: 19/19 MP: 1/1
   363 | D:1      | Reached skill level 3 in Axes
   363 | D:1      | Reached XP level 2. HP: 27/27 MP: 2/2
   683 | D:1      | Found a faded altar of an unknown god.
   712 | D:1      | Noticed a shining eye
   713 | D:1      | Noticed a golden eye
   713 | D:1      | Noticed a great orb of eyes
   713 | D:1      | Noticed a shining eye
   762 | D:1      | Reached XP level 3. HP: 33/33 MP: 3/3
  1848 | D:2      | Reached XP level 4. HP: 40/40 MP: 4/4
  1848 | D:2      | Found a white marble altar of Elyvilon.
  1990 | D:2      | Reached skill level 4 in Axes
  2486 | D:3      | Reached skill level 5 in Axes
  2521 | D:3      | Reached XP level 5. HP: 46/46 MP: 5/5
  2600 | D:3      | Reached skill level 6 in Axes
  2788 | D:4      | Noticed an ice beast
  2795 | D:4      | Killed an ice beast
  2796 | D:4      | Reached skill level 7 in Axes
  2796 | D:4      | Reached XP level 6. HP: 52/52 MP: 6/6
  2830 | D:4      | Reached skill level 8 in Axes
  2933 | D:4      | Reached XP level 7. HP: 59/59 MP: 7/7
  2944 | D:4      | Found a staircase to the Ecumenical Temple.
  3077 | D:4      | Found a runed translucent gate.
  3085 | D:4      | Reached skill level 9 in Axes
  3112 | D:4      | Found a runed translucent gate.
  3113 | D:4      | Found a runed translucent gate.
  3114 | D:4      | Found an opulent altar of Gozag.
  3115 | D:4      | Noticed croobank's ghost (amateur HOFi)
  3371 | D:4      | Found a shimmering blue altar of Sif Muna.
  3373 | D:4      | Found a white marble altar of Elyvilon.
  3375 | D:4      | Found an opulent altar of Gozag.
  3598 | D:5      | Entered Level 5 of the Dungeon
  3749 | D:5      | Reached skill level 10 in Axes
  3784 | D:5      | Became a worshipper of Beogh the Brigand
  3799 | D:5      | Reached XP level 8. HP: 39/66 MP: 8/8
  3841 | D:5      | Reached skill level 11 in Axes
  4137 | D:5      | Reached skill level 12 in Axes
  4295 | D:5      | Identified 2 scrolls of acquirement
  4301 | D:5      | Acquired the +3 crown of Dyrovepreva {rElec Int+2 SInv}
  4301 | D:5      | Found the +3 crown of Dyrovepreva {rElec Int+2 SInv}
  4316 | D:5      | Acquired a +0 cloak of preservation
  4620 | D:6      | Reached skill level 13 in Axes
  4852 | D:6      | Found Esasag's Distillery.
  4867 | D:6      | Bought a potion of heal wounds for 65 gold pieces
  4867 | D:6      | Bought a potion of degeneration for 13 gold pieces
  4867 | D:6      | Bought a potion of curing for 39 gold pieces
  4867 | D:6      | Bought a potion of heal wounds for 65 gold pieces
  4867 | D:6      | Bought a potion of heal wounds for 65 gold pieces
  4867 | D:6      | Bought a potion of curing for 39 gold pieces
  4980 | D:7      | Reached XP level 9. HP: 71/71 MP: 9/9
  4998 | D:7      | Reached skill level 14 in Axes
  5092 | D:7      | Reached * piety under Beogh
  5199 | D:7      | Reached skill level 15 in Axes
  5636 | D:8      | Reached skill level 16 in Axes
  5666 | D:8      | Found a runed translucent gate.
  5667 | D:8      | Found a runed translucent gate.
  5667 | D:8      | Noticed GilGalad's ghost (novice MfGl)
  5668 | D:8      | Found a runed translucent gate.
  5670 | D:8      | Identified the +8 spear "Hydrabane" {freeze, *Rage Int+7}
  5861 | D:8      | Reached skill level 1 in Dodging
  6074 | D:8      | Noticed a two-headed ogre
  6268 | D:8      | Found a roughly hewn altar of Beogh.
  6339 | D:9      | Reached ** piety under Beogh
  6343 | D:9      | Found a flagged portal.
  6395 | Bailey   | Entered a bailey
  6429 | Bailey   | Reached skill level 5 in Fighting
  6435 | Bailey   | Reached skill level 5 in Armour
  6435 | Bailey   | Reached XP level 10. HP: 74/81 MP: 10/10
  6622 | Bailey   | Noticed an orc knight
  6646 | Bailey   | Killed an orc knight
  6711 | Bailey   | Identified the +0 pair of gloves of the Special Villages
                  | {Harm rC- Str-4 Int+6}
  6729 | Bailey   | Noticed an orc knight
  6741 | Bailey   | Killed an orc knight
  6769 | Bailey   | Found an iron altar of Okawaru.
  7138 | D:9      | Found a shimmering altar of Xom.
  7393 | D:10     | Entered Level 10 of the Dungeon
  7438 | D:9      | Reached skill level 17 in Axes
  7441 | D:9      | Reached *** piety under Beogh
  7601 | D:10     | Reached XP level 11. HP: 94/94 MP: 11/11
  7707 | D:10     | Found a staircase to the Orcish Mines.
  7731 | D:10     | Identified the +6 arbalest of Abomination {flame, Will+
                  | Str+5}
  8154 | D:11     | Noticed a green ugly thing
  8154 | D:11     | Noticed a manticore
  8155 | D:11     | Noticed a centaur warrior
  8162 | D:11     | Killed a green ugly thing
  8166 | D:11     | Killed a manticore
  8169 | D:11     | Killed a centaur warrior
  8170 | D:11     | Reached skill level 18 in Axes
  8298 | D:11     | Noticed a deep elf pyromancer
  8304 | D:11     | Killed a deep elf pyromancer
  8345 | D:11     | Noticed an eight-headed hydra
  8374 | D:11     | Killed an 11-headed hydra
  8375 | D:11     | Reached skill level 1 in Evocations
  8496 | D:11     | Found a staircase to the Lair.
  8525 | D:11     | Gained Dorog as an ally
  8529 | D:11     | Reached **** piety under Beogh
  8638 | D:11     | Found Lates's Jewellery Shoppe.
  9014 | Lair:1   | Entered Level 1 of the Lair of Beasts
  9265 | Lair:1   | Noticed Grum
  9284 | Lair:1   | Reached skill level 10 in Fighting
  9289 | Lair:1   | Killed Grum
  9341 | Lair:1   | Noticed an eight-headed hydra
  9347 | Lair:1   | Killed a nine-headed hydra
  9446 | Lair:1   | Reached XP level 12. HP: 106/106 MP: 12/12
  9652 | Lair:1   | Reached skill level 1 in Invocations
  9662 | Lair:1   | Reached skill level 10 in Armour
 10248 | Orc:1    | Entered Level 1 of the Orcish Mines
 10248 | Orc:1    | Found Bedghog's Distillery.
 10305 | Orc:1    | Bought a potion of invisibility for 104 gold pieces
 10321 | Orc:1    | Noticed an orc high priest
 10330 | Orc:1    | Noticed a sun demon
 10330 | Orc:1    | Killed an orc high priest
 10437 | Orc:1    | Bought a potion of heal wounds for 65 gold pieces
 10437 | Orc:1    | Bought a potion of flight for 39 gold pieces
 10551 | Orc:2    | Entered Level 2 of the Orcish Mines
 10557 | Orc:2    | Noticed an orc warlord
 10562 | Orc:2    | Reached ***** piety under Beogh
 10566 | Orc:2    | Reached skill level 5 in Evocations
 10570 | Orc:2    | Killed an orc warlord
 10906 | Orc:2    | Noticed an orc high priest
 10915 | Orc:2    | Noticed a two-headed ogre
 10916 | Orc:2    | Killed an orc high priest
 10916 | Orc:2    | Noticed a two-headed ogre
 10917 | Orc:2    | Noticed a two-headed ogre
 10917 | Orc:2    | Noticed a two-headed ogre
 10918 | Orc:2    | Noticed a two-headed ogre
 10919 | Orc:2    | Noticed an ogre mage
 10919 | Orc:2    | Noticed a two-headed ogre
 10922 | Orc:2    | Killed a two-headed ogre
 10925 | Orc:2    | Killed a two-headed ogre
 10926 | Orc:2    | Killed a two-headed ogre
 10927 | Orc:2    | Noticed a two-headed ogre
 10930 | Orc:2    | Killed a two-headed ogre
 10932 | Orc:2    | Killed a two-headed ogre
 10935 | Orc:2    | HP: 5/110 [ogre mage/bolt of magma (32)]
 10936 | Orc:2    | Killed a two-headed ogre
 10937 | Orc:2    | Reached skill level 5 in Invocations
 10941 | Orc:2    | Killed a two-headed ogre
 10942 | Orc:2    | Killed an ogre mage
 10947 | Orc:2    | Gained Rocco as an ally
 11228 | Orc:2    | Found a staircase to the Elven Halls.
 11330 | Orc:2    | Noticed an orc high priest
 11330 | Orc:2    | Noticed an orc high priest
 11331 | Orc:2    | Noticed an orc high priest
 11334 | Orc:2    | Noticed an orc warlord
 11507 | Orc:2    | Paralysed by an orc sorcerer for 4 turns
 11515 | Orc:2    | Killed an orc high priest
 11519 | Orc:2    | Noticed a soul eater
 11520 | Orc:2    | Reached XP level 13. HP: 61/117 MP: 14/17
 11926 | Orc:2    | Found Zebluq's Antique Armour Shoppe.
 11927 | Orc:2    | Found Ageatsisk's Antique Weapon Shoppe.
 11929 | Orc:2    | Found Jihoss Ylas's General Store.
 11929 | Orc:2    | Found Evuwk's Jewellery Emporium.
 12225 | Orc:1    | Paralysed by an orc sorcerer for 4 turns
 12616 | Orc:1    | Noticed a stone giant
 12637 | Orc:1    | Found a bloodstained altar of Trog.
 12637 | Orc:1    | Noticed hehateme's ghost (journeyman HuGl)
 12658 | Orc:1    | Found a transporter.
 12662 | Orc:1    | Found a transporter.
 13070 | Lair:2   | Noticed Harold
 13072 | Lair:2   | Killed Harold
 13077 | Lair:2   | Noticed Fannar
 13082 | Lair:2   | Killed Fannar
 14242 | Lair:3   | Reached skill level 10 in Invocations
 14682 | Lair:3   | Found a staircase to the Shoals.
 15296 | Lair:4   | Found a hole to the Spider Nest.
 15364 | Lair:4   | Gained Argrim as an ally
 15612 | Lair:4   | Paralysed by a floating eye for 2 turns
 15619 | Lair:4   | Paralysed by a floating eye for 4 turns
 15718 | Lair:4   | You fall into a shaft and drop 2 floors!
 15718 | Lair:6   | Entered Level 6 of the Lair of Beasts
 15718 | Lair:6   | Noticed a dire elephant
 16072 | Lair:5   | Slain by a 12-headed hydra

Illustrated notes

Levels and vault maps discovered:
D:1:      dpeg_arrival_boxorama, layout_basic,
          hellmonk_ecumenical_altar_watching_god
D:2:      layout_loops_corners, basic_altar
D:3:      layout_rooms, kennysheep_nondescript, grunt_decor_fettered
D:4:      layout_gridville, grunt_temple_overflow_diamond, temple_fountains,
          ebering_ghost_gozag
D:5:      layout_loops_cross, kennysheep_potato
D:6:      layout_loops_cross, serial_shops, nicolae_lakefront_shop
D:7:      layout_gridville
D:8:      layout_gridville, biasface_ghost_orc_armoury, kennysheep_nub,
          grunt_tough_drop
D:9:      layout_long_grid, mainiacjoe_overflow_brackets, enter_bailey_3
D:10:     layout_basic, david_orc_3
D:11:     layout_basic, erik_lair_island, serial_shops, nicolae_diamond_shop,
          hangedman_decor_slide_cut, hangedman_decor_growths, minmay_radiant
Lair:1:   layout_cave_pods, nicolae_lair_lil_pond, grunt_megastairs_3, uniq_grum
Lair:2:   layout_chaotic_city, uniq_harold, uniq_fannar
Lair:3:   layout_cave_pods, minmay_shoals_entry_hut, hibernation_bobbens
Lair:4:   layout_gridlike, nicolae_spider_entry_non_spiders, disabler_island
Lair:5:   layout_loops_ring
Lair:6:   grunt_lair_end_beastmaster, layout_hall_layers,
          nicolae_slime_entry_slimehenge, infiniplex_staircase_pool_2,
          lemuel_fruit_tree, serial_bayou_shore_b
Orc:1:    layout_diamond_mine, serial_shops, shop,
          gammafunk_ghost_wrathful_warriors
Orc:2:    st_orc_congregation, layout_caves

Skill      XL: |  1  2  3  4  5  6  7  8  9 10 11 12 13 |
---------------+----------------------------------------+-----
Axes           | 3 5 7 8 10 13 16 17 18 | 18.0
Fighting       | 4 5 7 10 11 12 | 12.4
Armour         | 4 5 7 9 11 12 | 12.0
Shields        | 4 |  4.0
Dodging        | 2 |  2.0
Evocations     | 4 6 8 |  8.0
Invocations    | 6 12 | 12.4

Action                   |  1- 3 |  4- 6 |  7- 9 | 10-12 | 13-15 || total
-------------------------+-------+-------+-------+-------+-------++-------
Melee: War axe           |   127 |   125 |   313 |    39 |       ||   604
       Broad axe         |       |       |       |   400 |   223 ||   623
Throw: Boomerang         |       |     8 |     2 |     2 |       ||    12
       Dart              |       |       |       |     4 |       ||     4
Invok: Convert to Beogh  |       |       |     1 |       |       ||     1
       Smiting           |       |       |       |     6 |    23 ||    29
       Recall Orcish Fol |       |       |       |     1 |     1 ||     2
       Stop Recall       |       |       |       |       |     1 ||     1
Evoke: Wand              |       |       |       |     4 |       ||     4
       Phial of floods   |       |       |       |     1 |       ||     1
  Use: Scroll            |       |       |    13 |     6 |     3 ||    22
       Potion            |       |       |       |     5 |     3 ||     8
 Stab: Distracted        |       |       |       |     1 |     2 ||     3
Armor: Scale mail        |    53 |       |       |       |       ||    53
       Plate armour      |    27 |    99 |   181 |   303 |   210 ||   820
Dodge: Dodged            |    61 |    28 |    81 |   138 |    85 ||   393
       Repelled          |       |     1 |       |       |       ||     1
Block: Buckler           |    41 |    27 |    70 |    85 |    47 ||   270
